 Zot Defence DCSS version 0.15.2 (webtiles) character file.

4544 hexophile the Fighter (level 10, -7/95 (96) HPs)
             Began as a Ghoul Fighter on Jan 26, 2016.
             Was an Initiate of Okawaru.
             Killed by divine providence
             ... invoked by a deep elf priest
              (11 damage)
             ... in the Realm of Zot (Scenario I: Hall of Zot).
             The game lasted 00:01:22 (2618 turns).

hexophile the Fighter (Ghoul Fighter)               Turns: 2618, Time: 00:01:22

HP  -7/95 (96)   AC  6     Str 21      XL: 10   Next: 40%
MP   7/7         EV  6     Int  6      God: Okawaru [......]
Gold 0           SH  8     Dex  8      Spells:  0 memorised,  9 levels left

rFire  . . .     SeeInvis .     a - +0 war axe
rCold  + . .     Clarity  .     b - +0 scale mail
rNeg   + + +     rCorr    .     c - +0 shield
rPois  +         rRot     +     (no helmet)
rElec  .         Spirit   .     (no cloak)
SustAb .         Warding  .     (no gloves)
rMut   .         Stasis   .     (no boots)
Saprov + + +                    (no amulet)
MR     .....                    (no ring)
                                (no ring)

@: rotting, not resistant to hostile enchantments, extremely unstealthy
A: rotting body, claws 1, carnivore 3, cold resistance 1, negative energy
resistance 3, poison resistance, saprovore 3, slow healing 1, torment
resistance, unbreathing
a: Make oklob sapling, Make arrow trap, Make plant, Remove Curse, Make burning
bush, Make altar, Make grenades, Make oklob plant, Make net trap, Make ice
statue, Make spear trap, Renounce Religion


You were in the Realm of Zot.
You worshipped Okawaru.
Okawaru was noncommittal.
You were not hungry.

You visited 1 branch


Innate Abilities, Weirdness & Mutations

Your body is rotting away.
You have sharp fingernails.
You are carnivorous and can eat meat at any time.
Your flesh is cold resistant.
You are immune to negative energy.
Your system is resistant to poisons.
You thrive on rotten meat.
You heal slowly when monsters are visible.
You are immune to unholy pain and torment.
You can survive without breathing.

Inventory:

Hand weapons
 a - a +0 war axe (weapon)
Armour
 b - a +0 scale mail (worn)
 c - a +0 shield (worn)
Comestibles
 i - 3 rotting chunks of blink frog flesh
 l - a rotting chunk of kobold flesh
 m - a chunk of kobold flesh
 n - 3 rotting chunks of blink frog flesh
Scrolls
 j - a scroll of blinking
Potions
 d - 3 potions of curing
 e - a potion of might {Str+5 DMG+1d10}
 f - a potion of heal wounds
 g - a potion of haste
 h - 2 potions of magic


You had 9 spell levels left.
You didn't know any spells.


   Skills:
 * Level 11.2 Fighting
 * Level 10.4 Axes
 - Level 2.6 Armour
 - Level 2.6 Shields

Dungeon Overview and Level Annotations

Branches:
    Zot (1/1)

Altars:
Okawaru

Vault maps used:
Zot:      zotvault
You       could see a deep elf knight, a deep elf priest, 3 deep elf fighters
          and 4 deep elf magi.


Message History

Eat a rotting chunk of giant frog flesh? (ye/n/q/i?) This rotting flesh tastes delicious!
You feel more resilient.
The deep elf fighter's eyes start to glow.
You continue eating.
The deep elf fighter is no longer moving quickly.
The deep elf fighter gestures wildly while chanting.
The deep elf fighter seems to speed up.
The deep elf fighter gestures wildly while chanting.
You feel troubled.
The deep elf fighter glows brightly for a moment.
The deep elf fighter looks braver.
The deep elf fighter gestures at you while chanting.
The deep elf mage mumbles some strange words.
The deep elf mage conjures a globe of magical energy!
The deep elf fighter gestures wildly while chanting.
You feel troubled.
You smell something rotten. (slot l)
You continue eating.
You hit the battlesphere.
The battlesphere is lightly damaged.
You hit the deep elf mage.
The deep elf mage is almost dead.
You closely miss the deep elf mage. You slash the deep elf fighter!
You kill the deep elf fighter!
Okawaru accepts your kill.
You closely miss the deep elf mage.
The deep elf mage is moderately wounded.
The deep elf mage points at the deep elf mage and mumbles some strange words.
The fireball explodes!
The fireball engulfs the deep elf mage.
The fireball engulfs you!
* * * LOW HITPOINT WARNING * * *
The fireball engulfs the deep elf knight.
The fireball engulfs the deep elf mage.
The deep elf mage dies!
Your Fighting skill increases to level 11!
The fireball engulfs the deep elf fighter.
The deep elf fighter dies!
You hit the battlesphere.
The battlesphere is heavily damaged.
You hit the deep elf mage.
The deep elf mage is almost dead.
You slash the deep elf mage!
The deep elf mage is severely wounded.
The deep elf knight is no longer moving quickly.
The deep elf knight mumbles some strange words.
The deep elf knight seems to speed up.
The deep elf fighter looks braver.
The deep elf priest invokes the aid of its god against something.
Something smites you!
You die...

Action                   |  1- 3 |  4- 6 |  7- 9 | 10-12 || total
-------------------------+-------+-------+-------+-------++-------
Melee: War axe           |     9 |    30 |   116 |    20 ||   175
 Abil: Make altar        |       |       |     1 |       ||     1
  Eat: Chunk             |       |       |     3 |     2 ||     5

Notes
Turn   | Place    | Note
--------------------------------------------------------------
     0 | Zot      | hexophile, the Ghoul Fighter, began the quest for the Orb.
     0 | Zot      | Reached XP level 1. HP: 19/19 MP: 1/1
  2261 | Zot      | Noticed a giant frog
  2261 | Zot      | Noticed a blink frog
  2261 | Zot      | Noticed a blink frog
  2261 | Zot      | Noticed a blink frog
  2262 | Zot      | Noticed a blink frog
  2274 | Zot      | Noticed a giant frog
  2278 | Zot      | Noticed a giant frog
  2297 | Zot      | Killed a giant frog
  2297 | Zot      | Reached skill level 4 in Axes
  2297 | Zot      | Reached XP level 2. HP: 22/22 MP: 2/2
  2297 | Zot      | Reached XP level 3. HP: 27/27 MP: 3/3
  2297 | Zot      | Reached XP level 4. HP: 34/34 MP: 3/3
  2297 | Zot      | Reached XP level 5. HP: 41/41 MP: 4/4
  2302 | Zot      | Killed a giant frog
  2302 | Zot      | Reached skill level 4 in Fighting
  2302 | Zot      | Reached skill level 5 in Axes
  2302 | Zot      | Reached XP level 6. HP: 46/48 MP: 5/5
  2303 | Zot      | Killed a giant frog
  2337 | Zot      | Killed a blink frog
  2337 | Zot      | Reached skill level 5 in Fighting
  2337 | Zot      | Reached skill level 6 in Axes
  2337 | Zot      | Reached XP level 7. HP: 53/58 MP: 5/5
  2342 | Zot      | Killed a blink frog
  2342 | Zot      | Reached skill level 7 in Fighting
  2342 | Zot      | Reached skill level 7 in Axes
  2342 | Zot      | Reached XP level 8. HP: 58/69 MP: 6/6
  2360 | Zot      | Killed a blink frog
  2360 | Zot      | Reached skill level 8 in Fighting
  2371 | Zot      | Killed a blink frog
  2371 | Zot      | Reached skill level 8 in Axes
  2371 | Zot      | Reached XP level 9. HP: 65/78 MP: 7/7
  2425 | Zot      | Reached skill level 9 in Fighting
  2431 | Zot      | Became a worshipper of Warmaster Okawaru
  2510 | Zot      | Reached skill level 9 in Axes
  2536 | Zot      | Reached skill level 10 in Fighting
  2564 | Zot      | Reached XP level 10. HP: 89/91 MP: 7/7
  2586 | Zot      | Noticed a deep elf knight
  2597 | Zot      | Reached skill level 10 in Axes
  2617 | Zot      | HP: 4/93 [deep elf mage/fireball (24)]
  2617 | Zot      | Reached skill level 11 in Fighting
  2618 | Zot      | Killed from afar by a deep elf priest

Table legend:
 A = Turns spent in this place as a percentage of turns spent in the entire game.
 B = Non-inter-level travel turns spent in this place as a percentage of non-inter-level travel turns spent in the entire game.
 C = Inter-level travel turns spent in this place as a percentage of turns spent in this place.
 D = Turns resting spent in this place as a percentage of non-inter-level travel turns spent in this place.
 E = Turns spent auto-exploring this place as a percentage of non-inter-level travel turns spent in this place.
 F = Non-inter-level travel turns spent in this place divided by the number of levels of this place that you've seen.
                   A       B       C       D       E      F
               +-------+-------+-------+-------+-------+----------------------
         Total | 100.0 | 100.0 |   0.0 |   8.1 |   0.0 | 396.0
           Zot | 100.0 | 100.0 |   0.0 |   8.1 |   0.0 | 396.0
               +-------+-------+-------+-------+-------+----------------------

Table legend:
 A = Kills in this place as a percentage of kills in entire the game.
 B = Kills by you in this place as a percentage of kills by you in the entire game.
 C = Kills by friends in this place as a percentage of kills by friends in the entire game.
 D = Other kills in this place as a percentage of other kills in the entire game.
 E = Experience gained in this place as a percentage of experience gained in the entire game.
 F = Experience gained in this place divided by the number of levels of this place that you have seen.
                   A       B       C       D       E      F
               +-------+-------+-------+-------+-------+----------------------
         Total | 100.0 | 100.0 |  -nan | 100.0 | 100.0 | 6492.0
           Zot | 100.0 | 100.0 |  -nan | 100.0 | 100.0 | 6492.0
               +-------+-------+-------+-------+-------+----------------------

Vanquished Creatures
  A deep elf priest (Zot)
  4 blink frogs (Zot)
  A deep elf fighter (Zot)
  A mottled dragon (Zot)
  A necrophage (Zot)
  An ogre (Zot)
  4 giant frogs (Zot)
  A big kobold (Zot)
  5 wights (Zot)
  A crimson imp (Zot)
  2 goblins (Zot)
  7 kobolds (Zot)
29 creatures vanquished.

Vanquished Creatures (others)
  A deep elf mage (Zot)
  A deep elf fighter (Zot)
2 creatures vanquished.

Grand Total: 31 creatures vanquished
